 Dungeon Crawl Stone Soup version 0.29-a0-997-gf6f7e2dfe7 (webtiles) character file.

Game seed: 16257422436018587228

133 vurker the Shooter (level 4, -2/38 HPs)
             Began as a Minotaur Hunter on Aug 4, 2022.
             Slain by an orc
             ... wielding a +0 flail
              (3 damage)
             ... on level 3 of the Dungeon.
             The game lasted 00:01:51 (2068 turns).

vurker the Shooter (Minotaur Hunter)                Turns: 2068, Time: 00:01:52

Health: -2/38      AC: 12    Str: 17    XL:     4   Next: 93%
Magic:  0/3        EV:  6    Int:  6    God:
Gold:   66         SH:  0    Dex: 14    Spells: 3/3 levels left

rFire   . . .      SeeInvis .   a - +0 shortbow
rCold   . . .      Faith    .   (shield currently unavailable)
rNeg    . . .      Spirit   +   k - +0 plate armour
rPois   .          Reflect  .   f - +1 hat
rElec   .          Harm     .   (no cloak)
rCorr   .          Rampage  .   (no gloves)
Will    .....                   (no boots)
Stlth   ..........              g - amulet of guardian spirit
HPRegen 0.12/turn               (no ring)
MPRegen 0.08/turn               (no ring)

@: no status effects
A: horns 2, retaliatory headbutt
a: no special abilities


You were on level 3 of the Dungeon.
You visited 1 branch of the dungeon, and saw 3 of its levels.

You collected 66 gold pieces.

Inventory:

Hand Weapons
 a - a +0 shortbow (weapon)
Armour
 f - a +1 hat (worn)
   (You found it on level 1 of the Dungeon)
 k - a +0 plate armour (worn)
   (You found it on level 2 of the Dungeon)
Jewellery
 g - an amulet of guardian spirit (around neck)
   (You found it on level 1 of the Dungeon)
Scrolls
 b - 3 scrolls of immolation
 c - a scroll of noise {unknown}
 e - 2 scrolls of magic mapping {unknown}
 h - a scroll of identify {unknown}
 i - a scroll of brand weapon {unknown}
 m - a scroll of torment {unknown}
Potions
 d - 3 potions of brilliance {unknown}
 j - a potion of haste {unknown}
 l - 3 potions of curing {unknown}


   Skills:
 + Level 3.4 Fighting
 * Level 5.5 Ranged Weapons
 + Level 2.2 Armour
 + Level 3.2 Dodging
 - Level 0.7 Stealth


You had 3 spell levels left.
You didn't know any spells.
Your spell library was empty.

Dungeon Overview and Level Annotations

Branches:
Dungeon (3/15)

Altars:
Xom


Innate Abilities, Weirdness & Mutations

You have a pair of horns on your head.
You reflexively headbutt those who attack you in melee.


Message History

The orc wizard hits you but does no damage.
The orc hits you with a +0 flail.
* * * LOW HITPOINT WARNING * * *
Fire: a) +0 shortbow
Aim: an orc wizard, wielding a +2 dagger of protection and wearing a +0 robe (heavily wounded, 55% to hit)
You shoot an arrow. The arrow hits the orc wizard.
The orc wizard completely misses you. The orc hits you with a +0 flail.
* * * LOW HITPOINT WARNING * * *
Fire: a) +0 shortbow
Aim: an orc wizard, wielding a +2 dagger of protection and wearing a +0 robe (severely wounded, 55% to hit)
You shoot an arrow.
The arrow closely misses the orc wizard.
The orc wizard hits you but does no damage.
The orc hits you with a +0 flail.
* * * LOW HITPOINT WARNING * * *
The orc wizard hits you but does no damage.
The orc hits you with a +0 flail.
* * * LOW HITPOINT WARNING * * *
Fire: a) +0 shortbow
Aim: an orc wizard, wielding a +2 dagger of protection and wearing a +0 robe (severely wounded, 55% to hit)
You shoot an arrow. The arrow hits the orc wizard.
You kill the orc wizard!
The orc hits you with a +0 flail.
* * * LOW HITPOINT WARNING * * *
The orc hits you but does no damage.
Unknown command.
Fire: a) +0 shortbow
Aim: an orc, wielding a +0 flail and wearing a +0 chain mail (69% to hit)
You shoot an arrow.
The arrow hits the orc but does no damage.
The orc hits you with a +0 flail.
* * * LOW HITPOINT WARNING * * *
The orc hits you but does no damage.
Fire: a) +0 shortbow
Aim: an orc, wielding a +0 flail and wearing a +0 chain mail (69% to hit)
You shoot an arrow.
The arrow hits the orc but does no damage.
The orc hits you with a +0 flail.
* * * LOW HITPOINT WARNING * * *
The orc hits you with a +0 flail.
* * * LOW HITPOINT WARNING * * *
Fire: a) +0 shortbow
Aim: an orc, wielding a +0 flail and wearing a +0 chain mail (69% to hit)
You shoot an arrow. The arrow closely misses the orc.
The orc hits you but does no damage. x2
Fire: a) +0 shortbow
Aim: an orc, wielding a +0 flail and wearing a +0 chain mail (69% to hit)
You shoot an arrow. The arrow barely misses the orc.
The orc hits you with a +0 flail.
You die...

# #.#####
#.#...
.... #
#o####...#
#@<......#
#####....#
$.# #


You could see an orc.

Vanquished Creatures
  2 orc wizards
  2 adders (D:2)
  5 orcs
  6 endoplasms
  3 giant cockroaches (D:1)
  A hobgoblin (D:2)
  11 jackals
  2 quokkas (D:1)
  6 ball pythons
  4 bats
  2 frilled lizards (D:1)
  2 goblins
  6 kobolds
  2 rats
54 creatures vanquished.

Notes
Turn   | Place    | Note
-------+----------+-------------------------------------------
     0 | D:1      | vurker the Minotaur Hunter began the quest for the Orb.
     0 | D:1      | Reached XP level 1. HP: 18/18 MP: 0/0
    91 | D:1      | Reached XP level 2. HP: 25/25 MP: 1/1
   383 | D:1      | Reached skill level 1 in Armour
   557 | D:1      | Found a faded altar of an unknown god.
   890 | D:1      | Reached XP level 3. HP: 30/30 MP: 2/2
  1242 | D:2      | Reached skill level 5 in Ranged Weapons
  1486 | D:2      | Reached XP level 4. HP: 35/38 MP: 1/3
  1542 | D:2      | Found a shimmering altar of Xom.
  2066 | D:3      | HP: 1/38 [orc/+0 flail (3)]
  2068 | D:3      | Slain by an orc

Illustrated notes

Levels and vault maps discovered:
D:1:      lightli_arrival_windingriver, layout_basic,
          dilly_ecumenical_altar_fadedgnrine
D:2:      layout_basic, basic_altar, palyth_stone_intersect,
          minmay_misc_feat_rows, minmay_surrounded
D:3:      layout_basic, mainiacjoe_overflow_chevrons, guppyfry_early_lair_pool,
          uniq_jessica, uniq_sigmund

Skill      XL: |  1  2  3  4 |
---------------+-------------+-----
Armour         | 1 2 |  2.2
Fighting       | 3 |  3.4
Ranged Weapons | 5 |  5.5
Dodging        | 3 |  3.2
Stealth        | |  0.7

Action                   |  1- 3 |  4- 6 || total
-------------------------+-------+-------++-------
 Fire: Shortbow          |   124 |    35 ||   159
Armor: Leather armour    |    18 |       ||    18
       Plate armour      |    48 |    45 ||    93
Dodge: Dodged            |    67 |    16 ||    83

Table legend: (Time is in decaauts)
 A = Elapsed time spent in this place.
 B = Non-inter-level travel time spent in this place.
 C = Inter-level travel time spent in this place.
 D = Time resting spent in this place.
 E = Time spent auto-exploring this place.
 F = Levels seen in this place.
 G = Mean time per level.
                   A        B        C        D        E       F      G
               +--------+--------+--------+--------+--------+-----+--------+
         Total |   2161 |   2061 |    100 |      6 |   1644 |   3 |  720.3 |
       Dungeon |   2161 |   2061 |    100 |      6 |   1644 |   3 |  720.3 |
               +--------+--------+--------+--------+--------+-----+--------+

Top non-repeatable levels by time:
     D:1: 1069 daAuts
     D:2: 1055 daAuts
     D:3: 36 daAuts
